 Dungeon Crawl Stone Soup version 0.29-a0-648-g6b26cc9f40 (webtiles) character file.

Game seed: 16898769708148487500

392 Bruhh the Insei (level 6, 0/51 HPs)
             Began as a Demigod Transmuter on June 20, 2022.
             Slain by Dowan
             ... wielding a +0 dagger
              (3 damage)
             ... on level 4 of the Dungeon.
             The game lasted 00:03:19 (3917 turns).

Bruhh the Insei (Demigod Transmuter)                Turns: 3917, Time: 00:03:19

Health: 0/51       AC:  5    Str: 10 (11) XL:     6   Next: 25%
Magic:  20/23      EV: 12    Int: 21 (23) God:
Gold:   219        SH:  4    Dex: 11 (14) Spells: 7/11 levels left

rFire   . . .      SeeInvis .     - Unarmed
rCold   . . .      Faith    .   (no shield)
rNeg    . . .      Spirit   .   a - +0 robe
rPois   .          Reflect  .   f - +2 hat
rElec   .          Harm     .   g - +0 cloak
rCorr   .          Rampage  .   (no gloves)
Will    .....                   (no boots)
Stlth   +.........              (no amulet)
HPRegen 0.17/turn               h - ring of magical power
MPRegen 0.18/turn               (no ring)

@: attractive, flying
A: high MP 1, forlorn, divine attributes, fangs 1, large bone plates 1
a: no special abilities


You were on level 4 of the Dungeon.
You visited 1 branch of the dungeon, and saw 4 of its levels.

You collected 219 gold pieces.

Inventory:

Missiles
 i - a throwing net
Armour
 a - a +0 robe (worn)
 f - a +2 hat (worn)
 g - a +0 cloak (worn)
Jewellery
 h - a ring of magical power (left hand)
Scrolls
 b - a scroll of blinking {unknown}
 c - 3 scrolls of teleportation {unknown}
 d - a scroll of enchant armour {unknown}
 e - a scroll of enchant weapon {unknown}
 k - 2 scrolls of identify {unknown}
 l - a scroll of fear {unknown}
Potions
 o - a potion of curing {unknown}


   Skills:
 + Level 3.1 Fighting
 - Level 1.7 Dodging
 + Level 4.2 Unarmed Combat
 + Level 3.3 Spellcasting
 - Level 3.0 Transmutations


You had 7 spell levels left.
You knew the following spells:

 Your Spells              Type           Power      Damage    Failure   Level
a - Beastly Appendage     Tmut           32%        N/A       3%          1
b - Spider Form           Tmut/Pois      9%         N/A       21%         3

Your spell library contained the following spells:

 Spells                   Type           Power      Damage    Failure   Level
 Wereblood                Tmut           16%        N/A       5%          2
 Sublimation of Blood     Necr           3%         N/A       19%         2
 Ozocubu's Armour         Ice            3%         N/A       36%         3
 Ice Form                 Ice/Tmut       9%         N/A       56%         4
 Ozocubu's Refrigeration  Ice            1%         4d5       100%        7
 Summon Hydra             Summ           1%         N/A       100%        7


Dungeon Overview and Level Annotations

Branches:
Dungeon (4/15)
 Temple: D:4-7

Shops:
D:1 =

Annotations:
D:4 Dowan


Innate Abilities, Weirdness & Mutations

You have an increased reservoir of magic. (+10% MP)
You shall have no god before yourself.
Your divine heritage dramatically boosts your attributes as you level up.
You have very sharp teeth.
You are partially covered in large bone plates. (SH +4)


Message History

Unknown command.
You completely miss Duvessa.
Duvessa is almost dead.
Duvessa misses you.
You hit Duvessa.
You kill Duvessa!
You hear a distant wail of despair.
Dowan, Brother of Duvessa comes into view.
He is wielding a +0 dagger and carrying a wand of flame (19).
Your Fighting skill increases to level 3!
You have reached level 6!
Your experience leads to a dramatic increase in your attributes!
Your base attributes are Str 11, Int 19, Dex 14.
Increase (S)trength, (I)ntelligence, or (D)exterity?
You feel clever. x4
Okay, then.
It was a potion of flight.
You feel very buoyant.
You fly up into the air.
Dowan seems to find hidden reserves of power!
It was a potion of degeneration.
There was something very wrong with that liquid.
You feel weakened.
You feel dopey.
You feel clumsy.
Your transformation has ended.
Your +0 cloak unmelds from your body.
Your +2 hat unmelds from your body.
Your +0 robe unmelds from your body.
You feel more buoyant.
Dowan zaps a wand.
The puff of flame hits you.
* * * LOW HITPOINT WARNING * * *
Dowan zaps a wand.
The puff of flame hits you.
* * * LOW HITPOINT WARNING * * *
It was a potion of attraction.
You feel attractive to monsters.
Dowan zaps a wand.
The puff of flame hits you.
* * * LOW HITPOINT WARNING * * *
Dowan is attracted toward you.
Okay, then.
You closely miss Dowan.
Dowan says, "How can I live without her?"
Dowan hits you with a +0 dagger.
You die...

... #... ... ยง.
##.# #.. ##e# #.@#
##?## #..# ##.##
##..## #####....## #
#####.........##
####..............#
..)...####.........#


You could see Dowan (fast).

Vanquished Creatures
  Edmund (D:4)
  Duvessa (D:4)
  A centaur (D:3)
  3 gnolls (D:4)
  2 adders
  A worm (D:2)
  A dart slug (D:2)
  3 orcs (D:3)
  5 ball pythons
  3 bats
  5 endoplasms
  4 goblins
  6 hobgoblins
  4 kobolds
  3 quokkas
  2 frilled lizards (D:1)
  6 rats
51 creatures vanquished.

Vanquished Creatures (others)
  A plant (D:4)
1 creature vanquished.

Grand Total: 52 creatures vanquished

Notes
Turn   | Place    | Note
-------+----------+-------------------------------------------
     0 | D:1      | Bruhh the Demigod Transmuter began the quest for the Orb.
     0 | D:1      | Reached XP level 1. HP: 15/15 MP: 5/5
   122 | D:1      | Reached skill level 1 in Fighting
   432 | D:1      | Reached XP level 2. HP: 3/23 MP: 5/7
  1071 | D:1      | Found Posoaho's One-of-a-Kind Rings.
  1156 | D:1      | Reached skill level 3 in Unarmed Combat
  1387 | D:2      | Gained mutation: You are partially covered in large bone
                  | plates. (SH +4) [potion of mutation]
  1387 | D:2      | Gained mutation: You have very sharp teeth. [potion of
                  | mutation]
  1393 | D:2      | Reached XP level 3. HP: 20/28 MP: 8/8
  2720 | D:3      | Learned a level 3 spell: Spider Form
  2879 | D:3      | Noticed a centaur
  2886 | D:3      | Killed a centaur
  2887 | D:3      | Reached XP level 4. HP: 31/36 MP: 10/10
  3181 | D:4      | Noticed Edmund
  3194 | D:4      | Killed Edmund
  3195 | D:4      | Reached XP level 5. HP: 34/42 MP: 12/12
  3369 | D:4      | Reached skill level 4 in Unarmed Combat
  3901 | D:4      | Noticed Duvessa
  3912 | D:4      | Killed Duvessa
  3912 | D:4      | Noticed Dowan
  3913 | D:4      | Reached XP level 6. HP: 13/51 MP: 14/14
  3916 | D:4      | HP: 2/51 [Dowan/puff of flame (1)]
  3917 | D:4      | Slain by Dowan

Illustrated notes

Levels and vault maps discovered:
D:1:      giann_bridges, layout_basic, hellmonk_ecumenical_altar_lost_god,
          nicolae_shop_unique_rings
D:2:      layout_basic, minivault_26
D:3:      layout_loops_ring
D:4:      layout_cave_pods, serial_forest, infiniplex_forest_lined_room_3,
          infiniplex_forest_straight_4, infiniplex_forest_lined_room_,
          infiniplex_forest_clump_medium, infiniplex_forest_end_3,
          infiniplex_forest_lined_2, infiniplex_forest_diagonal, uniq_edmund,
          uniq_robin, uniq_eustachio, uniq_duvessa

Skill      XL: |  1  2  3  4  5 |
---------------+----------------+-----
Fighting       | 1 2 3 |  3.1
Transmutations | 2 3 |  3.0
Spellcasting   | 2 3 |  3.3
Unarmed Combat | 3 4 |  4.2
Dodging        | |  1.7

Action                   |  1- 3 |  4- 6 || total
-------------------------+-------+-------++-------
Melee: Unarmed           |    98 |    49 ||   147
       Kick              |    17 |     3 ||    20
       Headbutt          |     9 |     3 ||    12
       Bite              |     3 |     2 ||     5
       Punch             |     2 |     2 ||     4
 Cast: Beastly Appendage |    27 |     7 ||    34
       Spider Form       |     1 |     3 ||     4
  Use: Potion            |     3 |     5 ||     8
Armor: Robe              |    25 |     2 ||    27
       Skin              |    10 |     5 ||    15
Dodge: Dodged            |    71 |    26 ||    97
Block: Other             |     6 |     2 ||     8

Table legend: (Time is in decaauts)
 A = Elapsed time spent in this place.
 B = Non-inter-level travel time spent in this place.
 C = Inter-level travel time spent in this place.
 D = Time resting spent in this place.
 E = Time spent auto-exploring this place.
 F = Levels seen in this place.
 G = Mean time per level.
                   A        B        C        D        E       F      G
               +--------+--------+--------+--------+--------+-----+--------+
         Total |   3918 |   3806 |    112 |    597 |   2760 |   4 |  979.5 |
       Dungeon |   3918 |   3806 |    112 |    597 |   2760 |   4 |  979.5 |
               +--------+--------+--------+--------+--------+-----+--------+

Top non-repeatable levels by time:
     D:1: 1372 daAuts
     D:3: 1088 daAuts
     D:2: 1030 daAuts
     D:4: 427 daAuts
